 Dungeon Crawl Stone Soup version 0.30-a0-374-g95c0257040 (webtiles) character file.

Game seed: 9925799753383285263

2429 McGhostyFace the Destroyer (level 9, 0/66 HPs)
             Began as a Gnoll Wanderer on Nov 25, 2022.
             Was a High Priest of Cheibriados.
             Slain by a two-headed ogre
             ... wielding a +0 giant club
              (8 damage)
             ... on level 7 of the Dungeon.
             The game lasted 00:11:47 (7574 turns).

McGhostyFace the Destroyer (Gnoll Wanderer)         Turns: 7574, Time: 00:11:48

Health: 0/66       AC:  7    Str: 21    XL:     9   Next: 48%
Magic:  17/17      EV: 19    Int: 27    God:    Cheibriados [*****.]
Gold:   369        SH:  0    Dex: 27    Spells: 14/18 levels left

rFire   . . .      SeeInvis .    B - +2 battleaxe
rCold   . . .      Faith    .    (shield currently unavailable)
rNeg    . . .      Spirit   .    p - +0 leather armour
rPois   .          Reflect  +    y - +0 helmet
rElec   .          Harm     .    a - +0 cloak
rCorr   .          Rampage  .    m - +0 pair of gloves
Will    .....                    (no boots)
Stlth   +.........               o - amulet of reflection
HPRegen 0.31/turn                g - +4 ring of evasion
MPRegen 0.15/turn                (no ring)

@: confused, ambrosia-drunk, very slow
A: fangs 1, strong nose, distributed training
a: Renounce Religion, Bend Time, Temporal Distortion, Slouch, Step From Time


You were on level 7 of the Dungeon.
You worshipped Cheibriados.
Cheibriados was extremely pleased with you.
You visited 1 branch of the dungeon, and saw 7 of its levels.

You collected 369 gold pieces.

Inventory:

Hand Weapons
 c - a +1 hand axe of freezing
 r - a +2 vorpal hand axe
 B - a +2 battleaxe (weapon)
Missiles
 b - 20 poisoned darts (quivered)
Armour
 a - a +0 cloak (worn)
 m - a +0 pair of gloves (worn)
 p - a +0 leather armour (worn)
 y - a +0 helmet (worn)
Jewellery
 g - a +4 ring of evasion (left hand)
 o - an amulet of reflection (around neck)
Wands
 t - a wand of paralysis (10)
 w - a wand of polymorph (6)
Scrolls
 e - 2 scrolls of brand weapon {unknown}
 f - a scroll of blinking {unknown}
 h - 2 scrolls of vulnerability {unknown}
 i - a scroll of fear {unknown}
 k - a scroll of noise {unknown}
 n - 3 scrolls of identify {unknown}
 q - 4 scrolls of teleportation
 u - 2 scrolls of immolation {unknown}
 v - 2 scrolls of enchant weapon {unknown}
 A - 2 scrolls of acquirement {unknown}
 C - a scroll of enchant armour {unknown}
Potions
 d - a potion of attraction
 j - a potion of degeneration {unknown}
 l - a potion of flight {unknown}
 s - 2 potions of curing {unknown}
 x - a potion of mutation {unknown}


   Skills:
 + Level 4.4 Fighting
 + Level 4.4 Short Blades
 + Level 4.4 Long Blades
 + Level 6.4 Axes
 + Level 4.4 Maces & Flails
 + Level 4.4 Polearms
 + Level 4.4 Staves
 + Level 4.4 Ranged Weapons
 + Level 5.2 Throwing
 + Level 5.2 Armour
 + Level 4.4 Dodging
 + Level 4.4 Stealth
 + Level 4.4 Shields
 + Level 4.4 Unarmed Combat
 + Level 5.3 Spellcasting
 + Level 8.1 Conjurations
 + Level 3.6 Hexes
 + Level 3.6 Summonings
 + Level 3.6 Necromancy
 + Level 3.6 Translocations
 + Level 3.6 Transmutations
 + Level 3.6 Fire Magic
 + Level 3.6 Ice Magic
 + Level 3.6 Air Magic
 + Level 3.6 Earth Magic
 + Level 3.6 Poison Magic
 + Level 4.9 Invocations
 + Level 5.2 Evocations


You had 14 spell levels left.
You knew the following spells:

 Your Spells              Type           Power      Damage    Failure   Level
a - Summon Small Mammal   Summ           100%       N/A       1%          1
b - Mephitic Cloud        Conj/Pois/Air  35%        N/A       2%          3

Your spell library contained the following spells:

 Spells                   Type           Power      Damage    Failure   Level
 Apportation              Tloc           54%        N/A       1%          1
 Beastly Appendage        Tmut           54%        N/A       1%          1
 Kiss of Death            Conj/Necr      100%       2d13      1%          1
 Magic Dart               Conj           100%       1d8       1%          1
 Necrotise                Necr           100%       1d9       1%          1
 Wereblood                Tmut           27%        N/A       2%          2
 Inner Flame              Hex/Fire       27%        N/A       5%          3
 Spider Form              Tmut/Pois      27%        N/A       5%          3
 Cause Fear               Hex            13%        N/A       17%         4
 Summon Ice Beast         Ice/Summ       27%        N/A       17%         4
 Summon Mana Viper        Hex/Summ       27%        N/A       43%         5
 Monstrous Menagerie      Summ           13%        N/A       100%        7
 Discord                  Hex            13%        N/A       100%        8


Dungeon Overview and Level Annotations

Branches:
Dungeon (7/15)             Temple (0/1) D:5

Altars:
Cheibriados
Kikubaaqudgha

Annotations:
D:5 2 transporters, GiantSquids's ghost, amateur DsGl


Innate Abilities, Weirdness & Mutations

You have very sharp teeth.
Your uncanny sense of smell can sniff out nearby items.
Your experience applies equally to all skills.


Message History

The bullfrog closely misses you.
The bullfrog swells and bulges.
The bullfrog misses you.
You hit the bullfrog.
The bullfrog is heavily wounded.
The bullfrog closely misses you. The bullfrog misses you.
You block the bullfrog's attack.
You slash the bullfrog!
The bullfrog is almost dead.
The bullfrog closely misses you. You block the bullfrog's attack.
You barely miss the bullfrog.
The bullfrog is almost dead.
You block the bullfrog's attack. The bullfrog hits you.
You slice the bullfrog!!
You kill the bullfrog!
Cheibriados appreciates the change of pace.
Magic restored.
You now have 358 gold pieces (gained 14).
q - 4 scrolls of teleportation (gained 1)
You now have 369 gold pieces (gained 11).
n - 3 scrolls labelled TYORHIT WIOCKI (gained 1)
A two-headed ogre comes into view.
It is wielding a +0 giant club and a +0 giant spiked club.
The helpless two-headed ogre fails to defend itself.
You slash the two-headed ogre!
The two-headed ogre is moderately wounded.
The two-headed ogre closely misses you.
The two-headed ogre hits you with a +0 giant spiked club!!
You slash the two-headed ogre!
The two-headed ogre is severely wounded.
The two-headed ogre hits you with a +0 giant club.
The two-headed ogre hits you with a +0 giant spiked club!
You are too injured to fight recklessly!
The two-headed ogre attacks as you move away!
The two-headed ogre hits you with a +0 giant club!!
* * * LOW HITPOINT WARNING * * *
The two-headed ogre barely misses you.
You are confused.
You feel invigorated. The two-headed ogre barely misses you.
The two-headed ogre hits you with a +0 giant spiked club!
You die...

####.###.###
...........#
...........######
##
..#####............
..
..........#.#######
## .#####...#.#
#.###.# #.#####.#
#.# #...O@..# #.#
######### #.# ##
#.# #. #######.# #.
........#########.
#######...........
#...........
############


You could see a two-headed ogre.

Vanquished Creatures
  2 water moccasins
  A black bear (D:6)
  2 orc warriors
  3 sky beasts
  An ogre (D:5)
  2 centaurs
  A phantom (D:5)
  4 bullfrogs
  A necrophage (D:6)
  2 scorpions
  4 wights
  A hound (D:5)
  2 orc priests
  A gnoll bouda (D:5)
  A jelly (D:5)
  Crazy Yiuf (D:5)
  6 iguanas
  3 orc wizards (D:5)
  5 gnolls (D:5)
  6 adders
  2 white imps
  A worm (D:5)
  A dart slug (D:1)
  23 orcs
  4 bats
  10 endoplasms
  4 giant cockroaches
  7 goblins
  7 hobgoblins
  4 jackals (D:1)
  8 kobolds
  7 quokkas
  9 ball pythons
  7 frilled lizards
  10 rats
153 creatures vanquished.

Vanquished Creatures (others)
  A sky beast (D:6)
  An orc wizard (D:6)
2 creatures vanquished.

Grand Total: 155 creatures vanquished

Notes
Turn   | Place    | Note
-------+----------+-------------------------------------------
     0 | D:1      | McGhostyFace the Gnoll Wanderer began the quest for the
                  | Orb.
     0 | D:1      | McGhostyFace set off with the following items: a +0 hand
                  | axe, 11 poisoned darts, a +0 dagger, a potion of
                  | attraction, a +0 robe; and the following spells available
                  | to memorise: Magic Dart, Kiss of Death, Mephitic Cloud.
     0 | D:1      | Reached XP level 1. HP: 13/13 MP: 4/4
   376 | D:1      | Reached XP level 2. HP: 19/19 MP: 5/5
   467 | D:1      | Found a faded altar of an unknown god.
   490 | D:1      | Prayed at the altar of an unknown god.
   490 | D:1      | Became a worshipper of Cheibriados the Contemplative
   490 | D:1      | Reached * piety under Cheibriados
   699 | D:1      | Learned a level 1 spell: Summon Small Mammal
   921 | D:1      | Reached XP level 3. HP: 25/25 MP: 7/7
  1131 | D:1      | Reached skill level 1 in Invocations
  1240 | D:2      | Reached ** piety under Cheibriados
  1419 | D:2      | Reached skill level 1 in Fighting
  1419 | D:2      | Reached skill level 1 in Short Blades
  1419 | D:2      | Reached skill level 1 in Long Blades
  1419 | D:2      | Reached skill level 1 in Maces & Flails
  1419 | D:2      | Reached skill level 1 in Polearms
  1419 | D:2      | Reached skill level 1 in Staves
  1419 | D:2      | Reached skill level 1 in Ranged Weapons
  1419 | D:2      | Reached skill level 1 in Dodging
  1419 | D:2      | Reached skill level 1 in Stealth
  1419 | D:2      | Reached skill level 1 in Shields
  1419 | D:2      | Reached skill level 1 in Unarmed Combat
  1894 | D:2      | Reached XP level 4. HP: 32/32 MP: 8/8
  2110 | D:3      | Reached skill level 1 in Hexes
  2110 | D:3      | Reached skill level 1 in Summonings
  2110 | D:3      | Reached skill level 1 in Necromancy
  2110 | D:3      | Reached skill level 1 in Translocations
  2110 | D:3      | Reached skill level 1 in Transmutations
  2110 | D:3      | Reached skill level 1 in Fire Magic
  2110 | D:3      | Reached skill level 1 in Ice Magic
  2110 | D:3      | Reached skill level 1 in Air Magic
  2110 | D:3      | Reached skill level 1 in Earth Magic
  2110 | D:3      | Reached skill level 1 in Poison Magic
  2219 | D:3      | Learned a level 3 spell: Mephitic Cloud
  2365 | D:3      | Reached *** piety under Cheibriados
  2370 | D:3      | Reached XP level 5. HP: 36/37 MP: 9/9
  2813 | D:4      | Noticed a sky beast
  2824 | D:4      | Killed a sky beast
  2825 | D:4      | Reached XP level 6. HP: 28/44 MP: 9/11
  3779 | D:4      | Reached skill level 5 in Axes
  4095 | D:5      | Entered Level 5 of the Dungeon
  4187 | D:5      | Reached **** piety under Cheibriados
  4418 | D:5      | Reached XP level 7. HP: 35/51 MP: 12/12
  4730 | D:5      | Noticed GiantSquids's ghost (amateur DsGl)
  4745 | D:5      | HP: 2/51 [gnoll/+0 spear[a gnoll bouda] (3)]
  5001 | D:5      | Reached XP level 8. HP: 58/58 MP: 14/14
  5234 | D:5      | Found a transporter.
  5236 | D:5      | Found a transporter.
  5256 | D:5      | Found a staircase to the Ecumenical Temple.
  5387 | D:5      | Found a runed translucent door.
  5388 | D:5      | Noticed Crazy Yiuf
  5397 | D:5      | Killed Crazy Yiuf
  5573 | D:5      | Paralysed by an orc for 3 turns
  5874 | D:6      | Found an ancient bone altar of Kikubaaqudgha.
  6273 | D:6      | Reached ***** piety under Cheibriados
  6674 | D:6      | Reached XP level 9. HP: 52/65 MP: 16/16
  6683 | D:6      | Reached skill level 5 in Spellcasting
  7076 | D:6      | Reached skill level 8 in Conjurations
  7110 | D:7      | Reached skill level 5 in Throwing
  7110 | D:7      | Reached skill level 5 in Armour
  7110 | D:7      | Reached skill level 5 in Evocations
  7567 | D:7      | Noticed a two-headed ogre
  7574 | D:7      | Slain by a two-headed ogre

Illustrated notes

Levels and vault maps discovered:
D:1:      dpeg_arrival_simpleton_a, layout_basic,
          hellmonk_ecumenical_altar_lost_god
D:2:      layout_loops_corners
D:3:      layout_loops_ring
D:4:      layout_layer_cave
D:5:      layout_basic, minmay_temple_entry_poolview, gammafunk_ghost_hive,
          uniq_crazy_yiuf_cottage
D:6:      layout_basic, mainiacjoe_overflow_24_doors
D:7:      layout_loops_ring, nicolae_kite_square_tiling_tiny, minmay_ruffians

Skill      XL: |  1  2  3  4  5  6  7  8  9 |
---------------+----------------------------+-----
Invocations    | 1 2 3 4 |  4.9
Fighting       | 1 2 3 4 |  4.4
Short Blades   | 1 2 3 4 |  4.4
Long Blades    | 1 2 3 4 |  4.4
Maces & Flails | 1 2 3 4 |  4.4
Polearms       | 1 2 3 4 |  4.4
Staves         | 1 2 3 4 |  4.4
Ranged Weapons | 1 2 3 4 |  4.4
Dodging        | 1 2 3 4 |  4.4
Stealth        | 1 2 3 4 |  4.4
Shields        | 1 2 3 4 |  4.4
Unarmed Combat | 1 2 3 4 |  4.4
Spellcasting   | 3 4 5 |  5.3
Hexes          | 1 2 3 |  3.6
Summonings     | 1 2 3 |  3.6
Necromancy     | 1 2 3 |  3.6
Translocations | 1 2 3 |  3.6
Transmutations | 1 2 3 |  3.6
Fire Magic     | 1 2 3 |  3.6
Ice Magic      | 1 2 3 |  3.6
Air Magic      | 1 2 3 |  3.6
Earth Magic    | 1 2 3 |  3.6
Poison Magic   | 1 2 3 |  3.6
Throwing       | 3 4 5 |  5.2
Armour         | 3 4 5 |  5.2
Evocations     | 3 4 5 |  5.2
Axes           | 5 6 |  6.4
Conjurations   | 8 |  8.1

Action                   |  1- 3 |  4- 6 |  7- 9 || total
-------------------------+-------+-------+-------++-------
Melee: Hand axe          |   139 |   174 |   193 ||   506
       Bite              |     7 |    15 |    30 ||    52
       Punch             |     1 |     1 |     6 ||     8
       Battleaxe         |       |       |    25 ||    25
Throw: Dart              |       |       |    23 ||    23
  Use: Potion            |       |       |     3 ||     3
       Scroll            |       |       |     1 ||     1
 Stab: Sleeping          |     6 |     7 |     8 ||    21
Armor: Robe              |    15 |       |       ||    15
       Leather armour    |     6 |    29 |    45 ||    80
Dodge: Dodged            |    77 |   116 |   241 ||   434
Block: Other             |    12 |    34 |    71 ||   117
       Reflection        |       |     1 |     6 ||     7

Table legend: (Time is in decaauts)
 A = Elapsed time spent in this place.
 B = Non-inter-level travel time spent in this place.
 C = Inter-level travel time spent in this place.
 D = Time resting spent in this place.
 E = Time spent auto-exploring this place.
 F = Levels seen in this place.
 G = Mean time per level.
                   A        B        C        D        E       F      G
               +--------+--------+--------+--------+--------+-----+--------+
         Total |  10013 |   9857 |    156 |   2172 |   5889 |   7 | 1430.4 |
       Dungeon |  10013 |   9857 |    156 |   2172 |   5889 |   7 | 1430.4 |
               +--------+--------+--------+--------+--------+-----+--------+

Top non-repeatable levels by time:
     D:5: 2084 daAuts
     D:4: 2052 daAuts
     D:6: 1647 daAuts
     D:1: 1322 daAuts
     D:2: 1248 daAuts
     D:3: 1017 daAuts
     D:7: 641 daAuts
